 Dungeon Crawl Stone Soup version 0.20-a0-1026-gc3ddcbd (webtiles) character file.

569 Duffy the Conjurer (level 7, 46/46 HPs)
             Began as a Demonspawn Fire Elementalist on Apr 20, 2017.
             Quit the game in the Ecumenical Temple.
             The game lasted 00:06:05 (5986 turns).

Duffy the Conjurer (Demonspawn Fire Elementalist)   Turns: 5986, Time: 00:06:06

Health: 46/46      AC:  5    Str:  9    XL:     7   Next: 11%
Magic:  12/12      EV: 12    Int: 18    God:
Gold:   283        SH:  0    Dex: 13    Spells: 5/13 levels left

rFire    . . .     SeeInvis .   B - +0 blowgun
rCold    + . .     Gourm    .   (no shield)
rNeg     . . .     Faith    .   a - +0 robe
rPois    .         Spirit   +   n - +0 helmet
rElec    .         Reflect  .   (no cloak)
rCorr    .         Harm     .   (no gloves)
MR       .....                  (no boots)
Stlth    ++........             (no amulet)
Regen    0.2/turn               (no ring)
MPRegen  0.2/turn               (no ring)

@: no status effects
A: hooves 1, molten scales 1, cold resistance 1, magic shield
a: no special abilities


You were in the Ecumenical Temple.
You were not hungry.

You visited 2 branches of the dungeon, and saw 5 of its levels.

You collected 283 gold pieces.

Inventory:

Hand Weapons
 e - a +0 dagger
 B - a +0 blowgun (weapon)
Missiles
 y - 6 curare-tipped needles (quivered)
Armour
 a - a +0 robe (worn)
 n - a +0 helmet (worn)
Scrolls
 f - 2 scrolls of identify {unknown}
 g - 4 scrolls of enchant armour {unknown}
 i - 2 scrolls of recharging {unknown}
 j - 2 scrolls of teleportation {unknown}
 k - a scroll of random uselessness {unknown}
 l - a scroll of enchant weapon {unknown}
 o - a scroll of fog {unknown}
 s - 3 scrolls of remove curse {unknown}
 v - 3 scrolls of amnesia {unknown}
Potions
 d - a potion of resistance {unknown}
 h - a potion of haste {unknown}
 m - a potion of lignification {unknown}
 p - 3 potions of curing {unknown}
 r - a potion of invisibility {unknown}
 t - a potion of heal wounds {unknown}
 z - a potion of mutation {unknown}
 C - a potion of degeneration {unknown}
Books
 b - a book of Flames

   Spells                             Type                      Level
   a - Flame Tongue                   Conjuration/Fire             1
   b - Throw Flame                    Conjuration/Fire             2
   c - Conjure Flame                  Conjuration/Fire             3
   d - Inner Flame                    Hexes/Fire                   3
   e - Sticky Flame                   Conjuration/Fire             4
   f - Fireball                       Conjuration/Fire             5
 q - a book of Misfortune

   Spells                             Type                      Level
   a - Confusing Touch                Hexes                        1
   b - Confuse                        Hexes                        3
   c - Gell's Gravitas                Translocation                3
   d - Petrify                        Transmutation/Earth          4
   e - Metabolic Englaciation         Hexes/Ice                    5
   f - Yara's Violent Unravelling     Hexes/Transmutation          5
Comestibles
 c - 2 bread rations
 u - 2 royal jellies
 x - a meat ration
 A - 5 fruits


   Skills:
 - Level 1.7 Dodging
 - Level 1.7 Stealth
 + Level 3.7 Spellcasting
 * Level 5.3 Conjurations
 * Level 4.5 Fire Magic


You had 5 spell levels left.
You knew the following spells:

 Your Spells              Type           Power        Failure   Level  Hunger
h - Flame Tongue          Conj/Fire      ###..        1%          1    None
j - Sticky Flame          Conj/Fire      ###.....     21%         4    ####...
l - Conjure Flame         Conj/Fire      ###.....     6%          3    ###....


Dungeon Overview and Level Annotations

Branches:
Dungeon (4/15)             Temple (1/1) D:4

Altars:
Ashenzari
Cheibriados
Dithmenos
Elyvilon
Hepliaklqana
Kikubaaqudgha
Makhleb
Nemelex Xobeh
Okawaru
Qazlal
Ru
Sif Muna
Uskayaw
Wu Jian
Xom
Yredelemnul
Zin
The Shining One

Annotations:
D:4 exclusion: 2 doors


Innate Abilities, Weirdness & Mutations

You have large cloven feet.
You are partially covered in molten scales. (AC +2)
Your flesh is cold resistant. (rC+)
When hurt, damage is shared between your health and your magic reserves.


Message History

Done exploring.
Done exploring.
Done exploring.
Done exploring.
Done exploring.
Done exploring.
Done exploring.
Done exploring.
Done exploring.
Done exploring.
Done exploring.
Done exploring.
Done exploring.
Done exploring.
Done exploring.
Done exploring.
Unknown command.
Okay, then.
Unknown command.
Are you sure you want to abandon this character and quit the game? (Confirm with "yes".)

####################
#...#...#...#...#...
#._.#._.#._.#._.#._.
#...#...#...#...#...
##+###+###+###+###+#
#...........#...#...
#...........'...'...
#..@........#...#...
##+###'###+##...##+#
#...#...#...#...#...
#._.#._.#._.#.<.#._.
#...#...#...#...#...
####################


There were no monsters in sight!

Vanquished Creatures
  2 ogres (D:4)
  The ghost of RexLacerta the Digger, a weakling DgEE (D:3)
  2 orc priests (D:3)
  2 orc wizards (D:4)
  2 worker ants
  Robin (D:4)
  4 adders
  2 oozes (D:1)
  A worm (D:3)
  A leopard gecko (D:1)
  9 orcs
  4 giant cockroaches
  32 goblins
  18 hobgoblins
  13 jackals
  2 quokkas
  2 ball pythons (D:1)
  7 bats
  3 frilled lizards
  12 kobolds
  11 rats
131 creatures vanquished.

Vanquished Creatures (others)
  A plant (D:1)
1 creature vanquished.

Grand Total: 132 creatures vanquished

Notes
Turn   | Place    | Note
-------+----------+-------------------------------------------
     0 | D:1      | Duffy the Demonspawn Fire Elementalist began the quest for the Orb.
     0 | D:1      | Reached XP level 1. HP: 13/13 MP: 3/3
   241 | D:1      | Gained mutation: When hurt, damage is shared between your health and your magic reserves. [demonic ancestry]
   241 | D:1      | Reached XP level 2. HP: 19/19 MP: 3/5
   475 | D:1      | Reached skill level 2 in Conjurations
   767 | D:1      | Gained mutation: You are partially covered in molten scales. (AC +2) [demonic ancestry]
   767 | D:1      | Reached XP level 3. HP: 24/24 MP: 3/6
  1107 | D:1      | Learned a level 3 spell: Conjure Flame
  1579 | D:2      | Found an iron altar of Okawaru.
  1587 | D:2      | Reached skill level 3 in Conjurations
  1729 | D:2      | Reached XP level 4. HP: 30/30 MP: 0/8
  1805 | D:1      | Learned a level 4 spell: Sticky Flame
  2642 | D:2      | Found a white marble altar of Elyvilon.
  3033 | D:3      | Gained mutation: You have large cloven feet. [demonic ancestry]
  3033 | D:3      | Reached XP level 5. HP: 27/35 MP: 0/9
  3567 | D:3      | Noticed RexLacerta's ghost (weakling DgEE)
  3583 | D:3      | HP: 1/35 [RexLacerta's ghost/stone arrow (13)]
  4310 | D:3      | Reached skill level 4 in Conjurations
  4853 | D:3      | Killed RexLacerta's ghost
  4853 | D:3      | Reached XP level 6. HP: 29/41 MP: 2/10
  5040 | D:4      | Noticed Robin
  5228 | D:4      | Killed Robin
  5626 | D:4      | Reached skill level 5 in Conjurations
  5792 | D:4      | Gained mutation: Your flesh is cold resistant. (rC+) [demonic ancestry]
  5792 | D:4      | Reached XP level 7. HP: 46/46 MP: 7/12
  5841 | D:4      | Found an ornate altar of the Wu Jian Council.
  5847 | D:4      | Found a deep blue altar of Sif Muna.
  5850 | D:4      | Found a hide-covered altar of Uskayaw.
  5890 | D:4      | Found a staircase to the Ecumenical Temple.
  5946 | Temple   | Entered the Ecumenical Temple
  5986 | Temple   | Quit the game

Vault maps used:
D:1:      dpeg_arrival_chambers_temple_mockup, lexackson_kobold_supper
D:2:      nicolae_overflow_hidden_temple, st_stairs_5, serial_park_tiny_pond,
          grunt_ministairs_8, okawaru_ov_weapons_minmay
D:3:      cheibrodos_greedy_goblins
D:4:      minmay_goblin_kobold_castle, kennysheep_mini_moat,
          minmay_overflow_temple_star_quad, minmay_temple_entry_mist,
          first_bread, uniq_robin, uniq_eustachio
Temple:   nicolae_temple_god_jail

Skill      XL: |  1  2  3  4  5  6 |
---------------+-------------------+-----
Conjurations   | 2 3 4 5 |  5.3
Fire Magic     | 3 4 |  4.5
Spellcasting   | 3 |  3.7
Dodging        | |  1.7
Stealth        | |  1.7

Action                   |  1- 3 |  4- 6 |  7- 9 || total
-------------------------+-------+-------+-------++-------
Melee: Dagger            |    42 |    38 |       ||    80
       Kick              |       |    11 |       ||    11
 Fire: Blowgun           |       |     1 |       ||     1
 Cast: Flame Tongue      |    76 |   175 |     2 ||   253
  Eat: Chunk             |     3 |     8 |     1 ||    12
       Bread ration      |       |     1 |       ||     1
Armor: Robe              |    16 |    28 |       ||    44
Dodge: Dodged            |    46 |    91 |       ||   137
